 Dungeon Crawl Stone Soup version 0.19.1 (webtiles) character file.

1348 equalderp2856 the Gouger (level 8, -12/36 HPs)
             Began as a Felid Fighter on Nov 24, 2016.
             Killed from afar by an electric eel (14 damage)
             ... with a bolt of electricity
             ... on level 6 of the Dungeon.
             The game lasted 00:42:07 (13744 turns).

equalderp2856 the Gouger (Felid Fighter)           Turns: 13744, Time: 00:42:08

Health: -12/36     AC:  3    Str: 15    XL:     8   Next: 36%
Magic:  9/9        EV: 22    Int: 10    God:
Gold:   312        SH:  0    Dex: 14    Spells: 0 memorised, 7 levels left
                                        Lives:  0   Deaths: 2

rFire  . . .     SeeInvis +       - Unarmed
rCold  + . .     Gourm    .     (armour unavailable)
rNeg   . . .     Faith    .     (shield unavailable)
rPois  .         Spirit   .     (helmet unavailable)
rElec  .         Reflect  .     (cloak unavailable)
rCorr  .         Harm     .     (gloves unavailable)
MR     +....                    (boots unavailable)
Stlth  ++++......               p - amulet of inaccuracy (curse)
                                (no ring)
                                (no ring)

@: quick
A: no armour, no weapons or thrown items, stealth, claws 1, fangs 3, see
invisible, carnivore 3, clumsy 1, speed 1, shaggy fur 3, slow metabolism 1,
strong 1, sharp paws
a: no special abilities


You were on level 6 of the Dungeon.
You were not hungry.

You visited 2 branches of the dungeon, and saw 8 of its levels.

You collected 312 gold pieces.

Inventory:

Missiles
 d - 5 needles of confusion
Jewellery
 p - a cursed amulet of inaccuracy (around neck)
Wands
 s - a wand of hasting (3/9)
 u - a wand of paralysis (5/24)
Scrolls
 c - a scroll of magic mapping
 g - 4 scrolls of identify
 h - a scroll of teleportation
 k - a scroll of blinking
 r - a scroll of enchant weapon
Potions
 a - 2 potions of might
 m - a potion of haste
Books
 q - a book of Cantrips

   Spells                             Type                      Level
   a - Confusing Touch                Hexes                        1
   b - Animate Skeleton               Necromancy                   1
   c - Summon Small Mammal            Summoning                    1
   d - Apportation                    Translocation                1
Comestibles
 b - a meat ration
 f - 3 slices of pizza
 o - 7 fruits
 z - a beef jerky
 B - 4 bread rations


   Skills:
 + Level 4.6 Fighting
 + Level 7.9 Dodging
 + Level 6.8 Stealth
 + Level 10.7 Unarmed Combat


You had 7 spell levels left.
You didn't know any spells.

Dungeon Overview and Level Annotations

Branches:
Dungeon (7/15)             Temple (1/1) D:5

Altars:
Ashenzari
Cheibriados
Dithmenos
Elyvilon
Fedhas
Gozag
Hepliaklqana
Kikubaaqudgha
Makhleb
Nemelex Xobeh
Okawaru
Qazlal
Ru
Sif Muna
Trog
Uskayaw
Vehumet
Xom
Yredelemnul
Zin
The Shining One

Annotations:
D:3 Frank's ghost, amateur GrGl
D:6 Pikel


Innate Abilities, Weirdness & Mutations

You cannot wear armour.
You are incapable of wielding weapons or throwing items.
Your paws allow you to move quietly. (Stealth)
You have sharp claws.
You have razor-sharp teeth.
You have supernaturally acute eyesight. (SInv)
You are carnivorous and can eat meat at any time.
You cover ground quickly.
Your thick and shaggy fur keeps you warm. (AC +3, rC+)
You have a slow metabolism.
Your sharp claws are effective at attacking unaware monsters.
You are clumsy. (Dex -2)
Your muscles are strong. (Str +2)


Message History

The electric eel is severely wounded.
The electric eel shoots out a bolt of lightning at you!
The bolt of electricity hits you! x2
* * * LOW HITPOINT WARNING * * *
The bolt of electricity hits the electric eel.
The electric eel completely resists.
You scratch the electric eel but do no damage.
Your claw misses the electric eel.
The electric eel is severely wounded.
You closely miss the electric eel.
The electric eel is severely wounded.
You scratch the electric eel.
The electric eel is severely wounded.
You miss the electric eel.
The electric eel is severely wounded.
The electric eel shoots out a bolt of lightning at you!
The bolt of electricity hits you!
* * * LOW HITPOINT WARNING * * *
The bolt of electricity hits you!
You die...

##...≈≈.≈≈##. .# #
...≈≈≈≈≈≈≈.##.##
...#≈≈≈≈#≈≈≈#≈≈#..#
..#≈≈≈≈≈...≈≈≈≈≈#.#
#.≈≈≈≈≈..≈.≈≈≈≈.# .#
≈≈#≈#≈.≈≈≈≈≈≈≈##
.≈≈≈#≈#≈≈.≈#≈≈≈≈≈≈#
.≈≈≈≈w≈≈...≈≈#≈#≈≈####
..≈≈≈≈≈;@<8≈#≈≈≈≈%...#
#≈≈≈≈≈≈≈.(.≈≈≈≈≈≈≈...#
.≈≈≈≈#≈#≈.≈≈#≈≈≈≈≈...#
..≈≈≈≈≈≈≈.(≈≈≈≈≈≈o./.#
...≈#≈≈≈.8(≈≈≈≈≈.....#
?.#≈≈≈≈≈#!.≈≈≈o≈.....#
....≈≈≈≈≈≈≈≈≈≈≈......#
....≈≈≈≈≈≈≈...###### .
....≈≈.≈≈#..##


You could see an electric eel, an orc wizard and a dart slug.

Vanquished Creatures
  A centaur warrior (D:5)
  Sigmund (D:6)
  2 ice beasts
  2 sky beasts
  2 centaurs (D:5)
  2 ogres (D:6)
  A bullfrog (D:6)
  A water moccasin zombie (D:5)
  2 scorpions (D:4)
  4 crimson imps
  A bullfrog zombie (D:5)
  4 hounds
  3 orc priests
  A bullfrog skeleton (D:6)
  An iguana (D:5)
  Ijyb (D:3)
  2 orc wizards
  5 worker ants
  A hound skeleton (D:6)
  Robin (D:4)
  8 adders
  4 gnolls (D:4)
  A howler monkey skeleton (D:4)
  An adder zombie (D:6)
  5 worms
  10 dart slugs
  A leopard gecko (D:5)
  19 orcs
  6 giant cockroaches
  21 goblins
  8 hobgoblins
  14 jackals
  6 kobolds
  A quokka (D:2)
  A ball python (D:2)
  4 bats
  5 frilled lizards
  A giant cockroach zombie (D:5)
  8 rats
162 creatures vanquished.

Notes
Turn   | Place    | Note
-------+----------+-------------------------------------------
     0 | D:1      | equalderp2856 the Felid Fighter began the quest for the Orb.
     0 | D:1      | Reached XP level 1. HP: 10/10 MP: 2/2
   325 | D:1      | Reached XP level 2. HP: 9/14 MP: 3/3
   854 | D:2      | Found a faded altar of an unknown god.
   883 | D:2      | You fall through a shaft for 2 floors!
  1000 | D:4      | Reached XP level 3. HP: 17/17 MP: 4/4
  1044 | D:4      | Reached XP level 4. HP: 16/21 MP: 5/5
  1249 | D:4      | Reached skill level 5 in Unarmed Combat
  2126 | D:4      | Reached skill level 1 in Stealth
  2188 | D:4      | Reached XP level 5. HP: 21/25 MP: 6/6
  2951 | D:4      | Reached skill level 6 in Unarmed Combat
  3219 | D:4      | Noticed Robin
  3402 | D:4      | HP: 1/25 [Robin/enchanted club (8)]
  3403 | D:4      | Killed Robin
  3999 | D:4      | Gained mutation: You are covered in thick fur. (AC +2) [Felid growth]
  3999 | D:4      | Reached XP level 6. HP: 18/28 MP: 7/7
  4104 | D:4      | Reached skill level 5 in Dodging
  4592 | D:3      | Noticed Frank's ghost (amateur GrGl)
  5030 | D:2      | Found an iron altar of Okawaru.
  6153 | D:3      | Noticed Ijyb
  6156 | D:3      | Killed Ijyb
  6916 | D:5      | Entered Level 5 of the Dungeon
  6955 | D:5      | Reached skill level 7 in Unarmed Combat
  6955 | D:5      | Reached XP level 7. HP: 22/31 MP: 8/8
  7503 | D:5      | Found a staircase to the Ecumenical Temple.
  7547 | D:5      | HP: 1/31 [orc priest/divine providence (14)]
  7948 | D:5      | Reached skill level 5 in Stealth
  8600 | Temple   | Entered the Ecumenical Temple
  9215 | D:6      | Reached skill level 8 in Unarmed Combat
  9825 | D:4      | HP: 1/31 [scorpion (9)]
  9827 | D:4      | Gained mutation: You are clumsy. (Dex -2) [potion of mutation]
  9827 | D:4      | Gained mutation: Your muscles are strong. (Str +2) [potion of mutation]
  9827 | D:4      | Gained mutation: Your thick and shaggy fur keeps you warm. (AC +3, rC+) [potion of mutation]
  9835 | D:4      | Reached XP level 8. HP: 32/36 MP: 9/9
 10572 | D:6      | Noticed Sigmund
 10631 | D:6      | Killed Sigmund
 10939 | D:6      | HP: 1/36 [dart slug/slug dart (3)]
 11542 | D:5      | HP: 1/36 [sky beast (6)]
 11544 | D:5      | Slain by a sky beast
 11545 | D:5      | Reached XP level 7. HP: -3/32 MP: 8/8
 11650 | D:5      | Reached skill level 9 in Unarmed Combat
 12124 | D:6      | Reached XP level 8. HP: 26/36 MP: 9/9
 12587 | D:6      | Reached skill level 10 in Unarmed Combat
 12672 | D:6      | Noticed Pikel
 12861 | D:5      | Noticed a centaur warrior
 12864 | D:5      | Shot with an arrow by a centaur warrior
 12865 | D:5      | Reached XP level 7. HP: 0/33 MP: 8/8
 12904 | D:5      | Killed a centaur warrior
 12904 | D:5      | Reached XP level 8. HP: 27/36 MP: 9/9
 13744 | D:6      | Killed from afar by an electric eel

Skill      XL: |  1  2  3  4  5  6  7  8 |
---------------+-------------------------+-----
Unarmed Combat | 5 6 7 9 10 | 10.7
Stealth        | 1 2 3 5 6 |  6.8
Dodging        | 5 7 |  7.9
Fighting       | 4 |  4.6

Action                   |  1- 3 |  4- 6 |  7- 9 || total
-------------------------+-------+-------+-------++-------
Melee: Unarmed           |    43 |   265 |   325 ||   633
       Bite              |     5 |    18 |    31 ||    54
       Punch             |     1 |    10 |    12 ||    23
  Use: Potion            |       |     2 |    11 ||    13
       Scroll            |       |       |     9 ||     9
 Stab: Sleeping          |     2 |    10 |     5 ||    17
       Distracted        |       |       |     1 ||     1
  Eat: Chunk             |     3 |    12 |     5 ||    20
       Royal jelly       |       |       |     1 ||     1
Armor: Skin              |     3 |     8 |    15 ||    26
Dodge: Dodged            |    30 |   184 |   232 ||   446
